 Dungeon Crawl Stone Soup version 0.30.0-5-g1a98f26d00 (webtiles) character file.

Game seed: 12159839553737885344

14 SnakkuSnakku7 the Magician (level 2, 0/17 HPs)
             Began as a Deep Elf Transmuter on May 11, 2023.
             Slain by a quokka (2 damage)
             ... on level 1 of the Dungeon.
             The game lasted 00:00:37 (330 turns).

SnakkuSnakku7 the Magician (Deep Elf Transmuter)     Turns: 330, Time: 00:00:38

Health: 0/17       AC:  2    Str:  7    XL:     2   Next: 27%
Magic:  7/8        EV: 12    Int: 17    God:
Gold:   10         SH:  0    Dex: 15    Spells: 6/7 levels left

rFire   . . .        c - +0 dagger
rCold   . . .        (no shield)
rNeg    . . .        a - +0 robe
rPois   .            (helmet currently unavailable)
rElec   .            (no cloak)
rCorr   .            (no gloves)
SInv    .            (boots currently unavailable)
Will    .....        (no amulet)
Stlth   +            (no ring)
HPRegen 0.22/turn    (no ring)
MPRegen 0.11/turn

%: no passive effects
@: appendages (expiring)
A: horns 2, talons 2
a: End Transformation


You were on level 1 of the Dungeon.
You had temporarily grown beastly horns and talons.
You visited 1 branch of the dungeon, and saw 1 of its levels.

You collected 10 gold pieces.

Inventory:

Hand Weapons
 c - a +0 dagger (weapon)
Armour
 a - a +0 robe (worn)
Scrolls
 f - 4 scrolls of identify {unknown}
 h - a scroll of teleportation {unknown}
 i - a scroll of enchant weapon {unknown}
 j - 2 scrolls of brand weapon {unknown}
Potions
 b - a potion of lignification
 d - a potion of heal wounds {unknown}
 e - a potion of curing {unknown}
 g - a potion of haste {unknown}


   Skills:
 + Level 1.9 Fighting
 - Level 2.4 Dodging
 - Level 2.4 Unarmed Combat
 - Level 3.0 Spellcasting
 - Level 2.1 Transmutations


You had 6 spell levels left.
You knew the following spells:

 Your Spells              Type           Power      Damage    Failure   Level
a - Beastly Appendage     Tmut           20%        N/A       7%          1

Your spell library contained the following spells:

 Spells                   Type           Power      Damage    Failure   Level
 Wereblood                Tmut           10%        N/A       11%         2
 Spider Form              Tmut/Pois      6%         N/A       32%         3
 Ice Form                 Ice/Tmut       6%         N/A       73%         4


Dungeon Overview and Level Annotations

Branches:
Dungeon (1/15)

Altars:


Innate Abilities, Weirdness & Mutations

You have temporarily grown beastly horns and talons.


Message History

The frilled lizard barely misses you. The quokka closely misses you.
You hit the quokka.
You kill the quokka!
The frilled lizard bites you.
Unknown command.
You barely miss the quokka. Your kick misses the quokka.
The frilled lizard bites you but does no damage.
The quokka bites you but does no damage.
Unknown command.
You hit the quokka but do no damage. You claw the quokka, but do no damage.
The quokka closely misses you. The frilled lizard bites you.
You are too injured to fight recklessly!
You are too injured to fight recklessly!
You are too injured to fight recklessly!
The frilled lizard barely misses you.
The quokka bites you but does no damage.
Found 9 gold pieces.
Your horns disappear.
Your talons disappear.
Casting: Beastly Appendage (safe; 7% risk of failure)
Confirm with . or Enter, or press ? or * to list all spells.
You grow a pair of large bovine horns.
Your feet morph into talons.
The frilled lizard barely misses you.
You hit the frilled lizard.
You kill the frilled lizard!
The quokka barely misses you. The quokka attacks as you move away!
The quokka closely misses you.
You see here a frilled lizard corpse.
You hit the quokka but do no damage. The quokka bites you.
* * * LOW HITPOINT WARNING * * *
The quokka bites you.
* * * LOW HITPOINT WARNING * * *
You barely miss the quokka. Your headbutt misses the quokka.
The quokka bites you.
* * * LOW HITPOINT WARNING * * *
You hit the quokka. Your kick misses the quokka.
You headbutt the quokka, but do no damage.
The quokka is heavily wounded.
Your transformation is almost over.
The quokka bites you.
You die...

#.## #..........#..... #.#
#..........#..... #.#
#..........#..... #.#
######..######.... #.##
###....##.# ##...
#..###..)...##.# #...
#.....#.....##.# #...#
#.....#..r#...##.# #...##
#...#...#.@.#............
#..#...#...#.†.#..####..#.
..#...#...#...#...#......
.#...#...#...#...#...#...
..#...#...#...#...#..
#...#...#...#...#.. #
#$..#...#...#. .#...#..
#..


You could see a quokka.

Vanquished Creatures
  2 dart slugs (D:1)
  An endoplasm (D:1)
  A hobgoblin (D:1)
  A quokka (D:1)
  2 ball pythons (D:1)
  A bat (D:1)
  A frilled lizard (D:1)
  A goblin (D:1)
  A kobold (D:1)
11 creatures vanquished.

Notes
Turn   | Place    | Note
-------+----------+-------------------------------------------
     0 | D:1      | SnakkuSnakku7 the Deep Elf Transmuter began the quest for
                  | the Orb.
     0 | D:1      | Reached XP level 1. HP: 11/11 MP: 6/6
    29 | D:1      | Reached skill level 1 in Fighting
   216 | D:1      | Reached XP level 2. HP: 17/17 MP: 6/8
   330 | D:1      | Slain by a quokka

Illustrated notes

Levels and vault maps discovered:
D:1:      dpeg_arrival_short_road, layout_rooms, hex_large

Skill      XL: |  1 |
---------------+----+-----
Fighting       | 1 |  1.9
Dodging        | |  2.4
Unarmed Combat | |  2.4
Spellcasting   | |  3.0
Transmutations | |  2.1

Action                     || total
---------------------------++-------
  Melee: Dagger            ||    36
         Unarmed           ||    11
         Headbutt          ||     6
         Kick              ||     5
   Cast: Beastly Appendage ||     7
 Armour: Robe              ||    13
  Dodge: Dodged            ||    36
